 Dungeon Crawl Stone Soup version 0.29.1-15-g9cfb28693d (webtiles) character file.

Game seed: 12786806544689252651

65 Ast3rio the Grave Robber (level 3, -2/19 HPs)
             Began as a Deep Elf Necromancer on Mar 13, 2023.
             Slain by a quokka (4 damage)
             ... on level 3 of the Dungeon.
             The game lasted 00:06:13 (3578 turns).

Ast3rio the Grave Robber (Deep Elf Necromancer)     Turns: 3578, Time: 00:06:14

Health: -2/19      AC:  2    Str:  5    XL:     3   Next: 94%
Magic:  11/11      EV: 12    Int: 21    God:
Gold:   97         SH:  0    Dex: 15    Spells: 7/11 levels left

rFire   . . .      SeeInvis .   h - +1 war axe (vorpal)
rCold   . . .      Faith    .   (no shield)
rNeg    . . .      Spirit   .   a - +0 robe
rPois   .          Reflect  .   (no helmet)
rElec   .          Harm     .   (no cloak)
rCorr   .          Rampage  .   (no gloves)
Will    .....                   (no boots)
Stlth   ++........              (no amulet)
HPRegen 0.06/turn               (no ring)
MPRegen 0.12/turn               (no ring)

@: no status effects
A: no striking features
a: no special abilities


You were on level 3 of the Dungeon.
You visited 1 branch of the dungeon, and saw 3 of its levels.

You collected 97 gold pieces.

Inventory:

Hand Weapons
 h - a +1 vorpal war axe (weapon)
Armour
 a - a +0 robe (worn)
Jewellery
 f - a ring of protection from fire
Wands
 k - a wand of light (11)
Scrolls
 g - 2 scrolls of identify {unknown}
 i - a scroll of teleportation {unknown}
 l - a scroll of amnesia {unknown}
Potions
 b - a potion of magic
 c - 2 potions of lignification {unknown}
 d - a potion of curing {unknown}
 e - a potion of mutation {unknown}
 j - a potion of ambrosia {unknown}


   Skills:
 + Level 0.2 Fighting
 + Level 0.1 Axes
 + Level 2.6 Dodging
 + Level 2.7 Stealth
 * Level 4.5 Spellcasting
 * Level 5.5 Necromancy


You had 7 spell levels left.
You knew the following spells:

 Your Spells              Type           Power      Damage    Failure   Level
a - Necrotise             Necr           100%       1d9       1%          1
b - Vampiric Draining     Necr           28%        2d8       3%          3

Your spell library contained the following spells:

 Spells                   Type           Power      Damage    Failure   Level
 Beastly Appendage        Tmut           8%         N/A       12%         1
 Animate Dead             Necr           28%        N/A       12%         4
 Static Discharge         Conj/Air       4%         3-4/arc   17%         2
 Wereblood                Tmut           4%         N/A       17%         2
 Agony                    Necr           28%        N/A       32%         5
 Spider Form              Tmut/Pois      4%         N/A       34%         3
 Lightning Bolt           Conj/Air       2%         1d13      97%         5
 Maxwell's Capacitive Co  Air            2%         ∞         100%        8


Dungeon Overview and Level Annotations

Branches:
Dungeon (3/15)

Altars:

Annotations:
D:3 Natasha, Terence


Message History

Press: ? - help, Shift-Dir - straight line, f - rat
Aim: a rat You draw life force from the rat!
You kill the rat!
You see here a rat corpse.
You open the door.
There is an open door here.
There is an open door here.
There is an open door here.
Done exploring.
Done exploring.
No target in view!
Done exploring.
There is an open door here.
Things that are here:
a +0 short sword; 5 stones; a kobold skeleton
There is an open door here.
There is an open door here.
There is an open door here.
There is a stone staircase leading down here.
You climb downwards.
There is a stone staircase leading up here.
g - 2 scrolls labelled LAYNIA JEXEC (gained 1)
A quokka comes into view.
Natasha, Servant of Life and Death comes into view.
Terence the Incautious comes into view.
He is wielding a +0 flail of protection.
Natasha hisses angrily.
Terence shouts!
Natasha stares at you and mumbles some strange words.
The magic dart hits you!
Ouch! That really hurt!
The quokka bites you.
You are too injured to fight recklessly!
You are too injured to fight recklessly!
You are too injured to fight recklessly!
You closely miss the quokka.
Natasha extends her claws.
The quokka barely misses you. The quokka bites you.
* * * LOW HITPOINT WARNING * * *
You miss the quokka. The quokka bites you.
You die...

######### #.......#
####### #.......#
.......#####.......+
........#..+.......#
...@....#.##.......#
......hr#.#.<..#
#@#.##.#.#
#.#.#..#.#
#.#....#.#
#####...####.#
#............#
.!.############ .


You could see Terence, Natasha and a quokka.

Vanquished Creatures
  3 dart slugs (D:1)
  6 ball pythons
  11 endoplasms
  3 giant cockroaches
  3 goblins (D:1)
  5 hobgoblins
  6 kobolds
  2 quokkas
  4 bats (D:1)
  3 frilled lizards (D:2)
  5 rats
51 creatures vanquished.

Vanquished Creatures (collateral kills)
  A hobgoblin (D:1)
1 creature vanquished.

Vanquished Creatures (others)
  3 fungi (D:3)
3 creatures vanquished.

Grand Total: 55 creatures vanquished

Notes
Turn   | Place    | Note
-------+----------+-------------------------------------------
     0 | D:1      | Ast3rio the Deep Elf Necromancer began the quest for the
                  | Orb.
     0 | D:1      | Reached XP level 1. HP: 10/10 MP: 6/6
    45 | D:1      | Reached skill level 5 in Necromancy
   127 | D:1      | Reached XP level 2. HP: 14/15 MP: 2/8
   876 | D:1      | Reached XP level 3. HP: 16/19 MP: 4/10
  1488 | D:1      | Learned a level 3 spell: Vampiric Draining
  3575 | D:3      | Noticed Natasha
  3576 | D:3      | Noticed Terence
  3578 | D:3      | Slain by a quokka

Illustrated notes

Levels and vault maps discovered:
D:1:      erik_arrival_orb_chamber, layout_basic, st_stairs_10,
          dk_noncrumbling_2, chequers_decorated_corner,
          hangedman_abyss_or_decor_lesser_grid
D:2:      minmay_recursive_quarters, layout_loops_corners
D:3:      layout_basic, mainiacjoe_overflow_catch_the_wave,
          ebering_ecumenical_altar_sacrificial, serial_shops, shop,
          guppyfry_early_orc_mine, uniq_terence, uniq_ijyb,
          uniq_crazy_yiuf_cottage, uniq_natasha

Skill      XL: |  1  2 |
---------------+-------+-----
Necromancy     | 5 |  5.5
Spellcasting   | 4 |  4.5
Fighting       | |  0.2
Axes           | |  0.1
Dodging        | |  2.6
Stealth        | |  2.7

Action                   || total
-------------------------++-------
Melee: Unarmed           ||     1
       War axe           ||    26
       Punch             ||     1
 Cast: Necrotise         ||    51
       Vampiric Draining ||     9
Armor: Robe              ||     9
Dodge: Dodged            ||    37
